AoeStats
← Cdaa Axsk

Nomad

510040451Analyzed
3v3 RM · 2d ago on Sep 29, 2026· 22m 5s· 6 players
Game mode
Random Map
Map size
210×210
Population
200
Speed
Normal
Resources
Standard
Victory
Conquest
Starting age
Dark Age
Ending age
Imperial Age
RankedLock teamsTeams togetherTeam positionsShared explorationLock speedFull tech treeHidden civsTurbo modeCheats
Victory
Defeat
🇹🇷 Romans · Türkiye
924
+16
🇧🇪 Celts · Belgium
837
+19
🇪🇸 Turks · Spain
824
+20
🇺🇸 Bengalis · United States
931
-19
🇦🇷 Wei · Argentina
928
-19
🇹🇼 Chinese · Taiwan
889
-17
kimp
5:54 Loom
16:19 Feudal Age
16:48 Horse Collar
17:21 Man-at-Arms
19:37 Fishing Lines
Cdaa Axsk
咚咚帕
7:42 Loom
13:30 Feudal Age
14:06 Double-Bit Axe
14:33 Fishing Lines
15:23 Stone Mining
17:34 Horse Collar
22:57 Castle Age
21:21 Bloodlines
21:47 Fletching
the wuiten from Hamme
5:32 Loom
5:43 Loom
15:57 Feudal Age
16:05 Man-at-Arms
16:32 Arson
17:37 Gold Mining
17:35 Double-Bit Axe
17:34 Horse Collar
20:05 Scale Mail Armor
20:01 Fishing Lines
20:52 Stone Mining
22:07 Forging
MMURIEL
4:37 Loom
15:45 Feudal Age
18:05 Wheelbarrow
18:45 Double-Bit Axe
20:20 Horse Collar
20:44 Fishing Lines
ersoy_f
6:50 Loom
15:30 Feudal Age
16:01 Double-Bit Axe
16:11 Man-at-Arms
20:40 Scale Mail Armor
21:04 Horse Collar
Connection lost

Rejoining the realm…

Still unreachable

The connection could not be restored.

Session expired

The server has moved on; the page needs a fresh start.